Map: Ulrena

Players

capac - Winner!

  • Race: Terran Terran
  • League: Gold

Rhythm

  • Race: Zerg Zerg
  • League: Silver

VOD

Have the link to the VOD?

Description

Time

  • Played on: Dec. 1, 2015, 10:37 a.m.
  • Length: 17:13
Show
View Real Time Build Order
Export as new Build Order

capac Terran - Winner!

Build Orders: MMM Bio 

Get SALT Encoding   

  12  0:01  SCV  
  13  0:13  SCV  
  14  0:18  Supply Depot  
  14  0:25  SCV  
  16  0:43  Barracks  
  16  0:47  SCV  
  16  0:49  Refinery  
  16  0:59  SCV  
  17  1:12  SCV  
  18  1:24  SCV  
  19  1:38  Supply Depot, Barracks Reactor  
  19  1:43  Orbital Command  
  19  1:53  Command Center  
  19  2:09  Factory  
  19  2:13  SCV  
  20  2:21  Marine x2  
  22  2:27  SCV  
  23  2:37  Refinery  
  23  2:43  Barracks, Marine x2  
  25  3:01  Marine x2  
  27  3:06  Barracks  
  27  3:15  Starport  
  27  3:16  SCV  
  28  3:21  Marine x2  
  29  3:41  SCV  
  30  3:53  SCV  
  31  3:56  Bunker  
  31  3:58  Barracks Tech Lab, Barracks Reactor  
  31  4:01  Medivac  
  33  4:03  Factory Tech Lab  
  33  4:08  SCV  
  33  4:09  Supply Depot  
  34  4:19  Orbital Command  
  34  4:28  SCV  
  35  4:36  Marine x3  
  35  4:37  Marine  
  39  4:43  SCV  
  40  4:49  Medivac  
  42  4:54  Stimpack  
  42  4:55  SCV  
  42  4:58  SCV  
  44  5:07  Supply Depot  
  44  5:08  SCV  
  45  5:16  Marine  
  45  5:17  Marine x3  
  45  5:20  Starport Reactor  
  49  5:27  SCV x2  
  51  5:35  Supply Depot  
  51  5:43  SCV x2  
  51  5:44  Marine x4  
  51  5:45  Marauder  
  59  5:59  Medivac x2  
  59  6:02  Barracks  
  59  6:03  Barracks  
  51  6:13  Marine x4  
  51  6:14  Marauder  
  51  6:17  SCV x2  
  59  6:20  Siege Tank  
  62  6:28  Supply Depot  
  62  6:29  SCV x2  
  64  6:37  Marine x4  
  64  6:38  Marauder  
  70  6:50  Supply Depot  
  70  6:55  Supply Depot  
  70  7:01  Barracks Tech Lab, Combat Shields  
  70  7:02  Barracks Reactor  
  70  7:03  Marine x4  
  74  7:12  SCV x2  
  63  7:53  Liberator x2  
  58  8:02  Marine  
  58  8:03  Marine x5  
  58  8:04  Marauder  
  58  8:05  Marauder, SCV x2  
  70  8:10  Command Center  
  70  8:11  Siege Tank  
  79  8:15  Supply Depot  
  79  8:17  SCV x2  
  79  8:18  Supply Depot  
  79  8:19  Concussive Shells  
  81  8:21  Marine x2  
  81  8:22  Marine x3  
  81  8:23  Marine  
  80  8:36  Marine  
  80  8:37  Marine  
  80  8:39  Marine x2  
  60  8:50  Marine x4  
  60  8:54  Marine  
  60  8:55  Marauder  
  61  8:58  Marine x2  
  63  9:05  Liberator  
  63  9:06  Liberator  
  63  9:07  Marine  
  63  9:08  Marine x2  
  63  9:12  Marine x2  
  63  9:16  Marine x3  
  74  9:25  Marine  
  74  9:48  Liberator  
  73  9:53  Marauder x2, Marine x4  
  73  9:54  Marine x2  
  73  9:55  SCV x2  
  73  9:56  Siege Tank  
  91  10:11  Marine  
  92  10:14  Marauder  
  94  10:23  Marine x2  
  94  10:24  Marine x3  
  94  10:25  Marauder  
  101  10:31  Refinery  
  100  10:36  Marauder  
  89  10:54  Siege Tank  
  92  10:59  Marine x5  
  92  11:00  Marauder  
  91  11:40  Marine x5  
  91  11:41  Marauder, Marine  
  87  13:40  Marine x2  
  87  13:41  Marine x4  
  85  13:42  Marauder  
  89  14:01  Medivac x2  
  89  14:02  Siege Tank  
  96  14:15  Marine x6  
  96  14:16  Marauder  
  104  14:22  Orbital Command  
  104  14:26  Refinery  
  104  14:34  Siege Tank  
  91  15:02  Marine x5  
  91  15:03  Marauder x2, Marine  
  91  15:19  Marine  
  91  15:20  Marine x3  
  95  15:25  Marauder x2  
  98  15:38  Marine x3  
  98  15:39  Marine x2  
  98  15:40  Siege Tank  
  106  15:46  Marauder  
  100  16:08  Marine x4  
  100  16:09  Marine x2  
  100  16:10  Marauder, Medivac x2  
  112  16:12  Siege Tank  
  115  16:23  Command Center  
  114  16:28  Marine x4  
  114  16:29  Marauder, Marine  
  121  16:34  Command Center  
  115  16:54  Marine x6  
  112  16:55  Marine  
Show
View Real Time Build Order
Export as new Build Order

Rhythm Zerg 

Build Orders: Pool First 

Get SALT Encoding   

  12  0:02  Drone  
  13  0:12  Overlord  
  13  0:20  Extractor  
  12  0:33  Spawning Pool  
  11  0:37  Drone  
  12  0:43  Drone  
  12  0:49  Drone  
  14  0:55  Drone  
  15  1:01  Drone  
  16  1:11  Overlord  
  16  1:21  Metabolic Boost  
  16  1:28  Zergling x2  
  17  1:34  Zergling x2  
  18  1:42  Drone  
  18  1:44  Extractor  
  19  2:01  Drone  
  19  2:10  Drone  
  19  2:14  Hatchery  
  19  2:21  Spore Crawler  
  18  2:29  Spore Crawler  
  17  2:36  Drone  
  19  2:44  Drone x2  
  20  2:56  Baneling Nest  
  19  3:02  Drone  
  20  3:15  Drone  
  20  3:16  Drone  
  22  3:26  Evolution Chamber, Drone  
  22  3:28  Evolution Chamber  
  22  3:31  Drone  
  22  3:38  Zergling x4  
  22  3:49  Drone  
  22  3:50  Drone  
  24  3:57  Drone  
  24  3:59  Zerg Missile Weapons Level 1  
  25  4:03  Queen  
  27  4:10  Baneling x4  
  27  4:13  Zergling x2  
  28  4:18  Drone  
  29  4:25  Zerg Ground Armor Level 1  
  29  4:30  Burrow  
  29  4:45  Drone  
  29  4:46  Drone x2  
  29  4:50  Overlord  
  32  4:59  Roach Warren  
  31  5:00  Drone  
  31  5:04  Drone  
  33  5:09  Overlord  
  33  5:18  Drone x3  
  36  5:25  Drone x3  
  39  5:41  Queen  
  40  5:49  Drone x2  
  42  5:51  Baneling x2, Roach  
  42  5:52  Roach x3  
  42  5:53  Overlord  
  50  6:08  Zergling x4  
  51  6:22  Extractor  
  50  6:27  Zergling x2  
  50  6:28  Zergling x6  
  50  6:31  Hatchery  
  53  6:38  Lair  
  53  6:42  Drone x3  
  56  6:55  Drone x3  
  56  6:57  Overlord x4  
  59  7:03  Ravager  
  60  7:16  Baneling x2  
  54  7:26  Roach x6  
  54  7:27  Roach  
  61  7:37  Roach  
  61  7:38  Roach  
  63  7:47  Roach x4  
  63  7:48  Roach  
  72  7:57  Zergling x12  
  75  8:06  Roach  
  75  8:07  Roach  
  75  8:11  Zergling x2  
  80  8:16  Ravager x3  
  80  8:17  Ravager x4  
  80  8:19  Drone  
  89  8:20  Drone x4  
  89  8:22  Zerg Missile Weapons Level 2  
  89  8:23  Zerg Ground Armor Level 2  
  74  8:56  Zergling x4  
  74  8:57  Zergling x20  
  84  9:11  Hydralisk Den  
  84  9:12  Extractor  
  84  9:14  Drone x4  
  84  9:15  Drone  
  87  9:26  Overseer  
  87  9:31  Ravager x3  
  90  9:43  Drone x3  
  92  9:51  Overlord, Hydralisk x4  
  92  9:52  Hydralisk  
  98  9:54  Overlord x3  
  98  10:00  Muscular Augments  
  98  10:05  Hatchery  
  97  10:13  Roach  
  97  10:14  Roach x3  
  104  10:15  Hydralisk  
  106  10:24  Drone x2  
  106  10:25  Drone  
  106  10:26  Drone x3  
  112  10:29  Extractor  
  112  10:31  Extractor  
  83  10:54  Roach x6, Hydralisk x4  
  103  11:06  Drone x4  
  107  11:12  Drone x4  
  101  11:32  Hydralisk  
  81  11:33  Hydralisk x5  
  81  11:39  Overlord x2  
  93  11:42  Zergling x10  
  93  11:46  Ravager  
  99  11:49  Drone x2  
  101  11:54  Drone  
  101  11:55  Drone x3  
  105  12:04  Baneling x6  
  105  12:05  Baneling  
  105  12:10  Roach x5  
  103  12:25  Roach  
  103  12:26  Roach x7  
  96  12:33  Roach x2  
  96  12:34  Roach x2  
  100  12:37  Hydralisk  
  99  12:54  Hydralisk x9  
  117  13:00  Hydralisk  
  95  13:15  Roach x6  
  89  13:34  Roach  
  89  13:35  Roach x5  
  80  13:49  Roach x6  
  80  13:50  Roach  
  94  13:56  Ravager x2  
  94  13:58  Ravager  
  97  14:06  Ravager  
  98  14:10  Ravager  
  98  14:12  Ravager  
  98  14:14  Ravager x3  
  98  14:15  Ravager  
  98  14:16  Zergling x6  
  107  14:17  Zergling x12  
  84  14:43  Zergling x2  
  84  14:44  Zergling x20  
  76  14:49  Hydralisk  
  56  15:16  Hydralisk x3  
  56  15:17  Hydralisk x8  
  56  15:19  Roach  
  80  15:22  Hydralisk x2  
  76  15:40  Roach  
  76  15:41  Roach x7  
  88  15:54  Roach  
  88  15:55  Roach x5  
  78  16:03  Ravager x2  
  80  16:04  Ravager  
  54  16:45  Roach x3  
  54  16:46  Roach x11  
  79  16:52  Roach x2  
  76  16:54  Zergling x2  
  77  17:05  Ravager x2  
Tags
 
Composition
MMM Bio
Matchup
TvZ
Opening
Pool First
Add a new tag
Caveats
  • Supply blocks, unpowered buildings, or Contaminate may cause inaccurate times.
  • Supply counts are checked every 10 seconds.